 Dungeon Crawl Stone Soup version bcrawl-1.13.2 (webtiles) character file.

Game seed: 9861885961885360731

425 Felnil the Skirmisher (level 6, -6/44 HPs)
             Began as a Skeleton Fighter on Aug 12, 2019.
             Killed by divine providence
             ... invoked by an orc priest
              (14 damage)
             ... on level 4 of the Dungeon.
             The game lasted 00:08:39 (3888 turns).

Felnil the Skirmisher (Skeleton Fighter)            Turns: 3888, Time: 00:08:39

Health: -6/44      AC:  6    Str: 23 (24) XL:     6   Next: 64%
Magic:  0/6        EV:  8    Int:  7      God:
Gold:   289        SH:  9    Dex:  8      Spells: 5/5 levels left

rFire    . . .     SeeInvis .   a - +0 rapier
rCold    + . .     Gourm    .   c - +0 shield
rNeg     + + +     Faith    .   b - +0 scale mail
rPois    ∞         Spirit   +   (no helmet)
rElec    .         Reflect  .   (no cloak)
rCorr    .         Harm     .   (no gloves)
MR       .....                  (no boots)
Stlth    ..........             (no amulet)
HPRegen  0.14/turn              (no ring)
MPRegen  0.10/turn              (no ring)

@: no status effects
A: no food or potions, cold resistance 1, deterioration 1, negative energy
resistance 3, powered by death 1, torment resistance, unbreathing, magic shield,
sturdy frame 1, spell healing
a: no special abilities


You were on level 4 of the Dungeon.
You were not hungry.

You visited 1 branch of the dungeon, and saw 4 of its levels.

You collected 289 gold pieces.

Inventory:

Hand Weapons
 a - a +0 rapier (weapon)
Missiles
 f - 127 javelins (quivered)
 i - 132 tomahawks
Armour
 b - a +0 scale mail (worn)
 c - a +0 shield (worn)
Jewellery
 m - a +3 ring of strength
Wands
 h - a wand of iceblast (4)
Scrolls
 d - 2 scrolls of teleportation {unknown}
 e - 3 scrolls of identify {unknown}
 g - 2 scrolls of immolation {unknown}
 j - a scroll of enchant armour {unknown}
 k - a scroll of noise {unknown}
 l - a scroll of blinking {unknown}
 n - a scroll of amnesia {unknown}


   Skills:
 + Level 7.6 Fighting
 - Level 2.4 Short Blades
 - Level 3.2 Armour
 - Level 3.6 Shields


You had 5 spell levels left.
You didn't know any spells.
Your spell library contained the following spells:

 Spells                   Type           Power        Failure   Level  Hunger
 Magic Dart               Conj           #...         98%         1    N/A
 Searing Ray              Conj           #.....       99%         2    N/A
 Iskenderun's Mystic Bla  Conj           #.......     100%        3    N/A
 Fulminant Prism          Conj/Hex       #.........   100%        4    N/A
 Irradiate                Conj/Tmut      #.........   100%        5    N/A

Dungeon Overview and Level Annotations

Branches:
Dungeon (4/12)
 Temple: D:4-7

Altars:
Uskayaw
Yredelemnul
Zin

Shops:
D:4 ?*


Innate Abilities, Weirdness & Mutations

You do not eat or drink.
You are immune to poison.
Your flesh is cold resistant. (rC+)
Your body sometimes deteriorates upon taking damage.
You are immune to negative energy. (rN+++)
You regenerate a little health from kills.
You are immune to unholy pain and torment.
You can survive without breathing.
When hurt, damage is shared between your health and your magic reserves.
Your movements are slightly less encumbered by armour. (ER -2)
Casting spells heals you.


Message History

Beogh smites you!
You are too injured to fight recklessly!
You are too injured to fight recklessly!
You are too injured to fight recklessly!
You are too injured to fight recklessly!
You block the worker ant's attack.
The orc wizard mumbles some strange words.
The orc wizard flickers and vanishes!
Deactivating autopickup; reactivate with Ctrl-A.
The orc priest calls upon Beogh to heal the orc priest.
The orc priest is healed somewhat.
You block the worker ant's attack.
Things that are here:
a +0 halberd; a gnoll skeleton x2
The orc priest calls down the wrath of Beogh upon you.
Beogh smites you!
* * * LOW HITPOINT WARNING * * *
Your body deteriorates!
You feel weakened.
The orc priest calls down the wrath of Beogh upon you.
Beogh smites you!
You die...

#≈ .... #≈##.#.
.#.§#+#≈..$.. #############
...§≈.≈≈[... .......<....#
...#.....#{###########.####
#......(#.....# #..#
.........o...# ####.##
....../..$o#######....#
...##.....oa.o@....####
.....[#))..#########
..∩.......## #.......###
#...##...# #........####
............###
..(###..###...# .#
#......#.#################


You could see a worker ant, an orc priest, an orc wizard and an orc.

Vanquished Creatures
  An ogre (D:4)
  2 hounds
  2 orc wizards (D:3)
  A bullfrog skeleton (D:3)
  A worker ant (D:3)
  2 adders (D:3)
  3 gnolls (D:4)
  An ooze (D:3)
  3 worms (D:2)
  A dart slug (D:2)
  6 leopard geckos
  14 orcs
  A ball python (D:3)
  3 bats (D:2)
  2 giant cockroaches
  10 goblins
  7 hobgoblins
  14 jackals
  8 kobolds
  2 quokkas (D:3)
  A frilled lizard (D:2)
  4 rats
89 creatures vanquished.

Notes
Turn   | Place    | Note
-------+----------+-------------------------------------------
     0 | D:1      | Felnil the Skeleton Fighter began the quest for the Orb.
     0 | D:1      | Reached XP level 1. HP: 14/14 MP: 1/1
   156 | D:1      | Reached XP level 2. HP: 10/19 MP: 2/2
   556 | D:1      | Reached skill level 4 in Fighting
   787 | D:2      | HP: 1/20 [hound (4)]
   788 | D:2      | Reached XP level 3. HP: 2/24 MP: 0/3
  1353 | D:2      | Reached XP level 4. HP: 19/30 MP: 2/4
  1536 | D:2      | Reached skill level 5 in Fighting
  2087 | D:3      | Found a faded altar of an unknown god.
  2249 | D:3      | Reached XP level 5. HP: 14/36 MP: 2/5
  2453 | D:3      | Reached skill level 6 in Fighting
  3024 | D:3      | Gained mutation: You regenerate a little health from kills.
                  | [Skeleton growth]
  3024 | D:3      | Reached XP level 6. HP: 39/42 MP: 6/6
  3275 | D:3      | Found a basalt altar of Yredelemnul.
  3275 | D:3      | Found a glowing silver altar of Zin.
  3280 | D:3      | Found a hide-covered altar of Uskayaw.
  3395 | D:4      | Found Cuetoc's General Store.
  3423 | D:3      | Reached skill level 7 in Fighting
  3603 | D:4      | Found Nyng's Magic Scroll Shoppe.
  3888 | D:4      | Killed from afar by an orc priest

Skill      XL: |  1  2  3  4  5  6 |
---------------+-------------------+-----
Fighting       | 4 5 6 7 |  7.6
Short Blades   | |  2.4
Armour         | |  3.2
Shields        | |  3.6

Action                   |  1- 3 |  4- 6 || total
-------------------------+-------+-------++-------
Melee: Rapier            |   116 |   207 ||   323
       Trident           |       |    47 ||    47
Throw: Javelin           |     9 |     3 ||    12
Evoke: Wand              |       |     6 ||     6
Armor: Scale mail        |    43 |   110 ||   153
Dodge: Dodged            |    40 |    92 ||   132
Block: Shield            |    55 |   165 ||   220
